 Dungeon Crawl Stone Soup version 0.31-a0-145-g046c7d2549 (webtiles) character file.

Game seed: 8516561896817370074

26007 DeathSun the Bludgeoner (level 12, -1/89 HPs)
             Began as a Demonspawn Warper on June 6, 2023.
             Was a High Priest of Qazlal.
             Slain by a vault guard
             ... wielding a +0 battleaxe
              (24 damage)
             ... on level 12 of the Dungeon.
             The game lasted 00:39:56 (13162 turns).

DeathSun the Bludgeoner (Demonspawn Warper)        Turns: 13162, Time: 00:39:57

Health: -1/89      AC:  8    Str: 18    XL:     12   Next: 94%
Magic:  0/18       EV: 20    Int: 17    God:    Qazlal [*****.]
Gold:   564        SH:  6    Dex: 15    Spells: 11/15 levels left

rFire   . . .        T - -1 demon whip (venom)
rCold   . . .        (no shield)
rNeg    . . .        v - +1 robe "Iqouna" {Dex+3 Slay+3}
rPois   +            (no helmet)
rElec   .            q - +0 cloak
rCorr   .            (gloves unavailable)
SInv    .            F - +0 pair of boots
Will    .....        e - amulet of guardian spirit
Stlth   +            w - +5 ring of evasion
HPRegen 0.34/turn    p - ring of Gaogeu {rPois Int+3}
MPRegen 0.16/turn

%: repel missiles, guardian spirit
@: about to teleport, protected from physical damage
A: claws 3, repulsion field 2, powered by death 1, spiny 2
a: Renounce Religion, Upheaval, Elemental Force, Disaster Area


You were on level 12 of the Dungeon.
You worshipped Qazlal.
Qazlal was extremely pleased with you.
You visited 2 branches of the dungeon, and saw 14 of its levels.

You collected 564 gold pieces.

Inventory:

Hand Weapons
 L - a +0 morningstar
 N - a +2 flail of protection
 T - a -1 demon whip of venom (weapon)
Missiles
 d - 5 boomerangs of dispersal
 m - 9 javelins (quivered)
 o - 3 throwing nets
 E - a curare-tipped dart
Armour
 a - +0 acid dragon scales
 b - a +0 leather armour
 q - a +0 cloak (worn)
 v - the +1 robe "Iqouna" (worn) {Dex+3 Slay+3}
   (You found it on level 3 of the Dungeon)

   Dex:       It affects your dexterity (+3).
   Slay:      It affects your accuracy & damage with ranged weapons and melee
   (+3).
 x - a +0 ring mail of poison resistance
 y - a +0 troll leather armour
 B - a +2 robe of fire resistance
 F - a +0 pair of boots (worn)
Jewellery
 e - an amulet of guardian spirit (around neck)
 p - the ring of Gaogeu (right claw) {rPois Int+3}
   (You found it on level 6 of the Dungeon)

   [ring of poison resistance]

   Int:       It affects your intelligence (+3).
   rPois:     It protects you from poison.
 w - a +5 ring of evasion (left claw)
 z - a ring of ice
 A - a +6 ring of intelligence
 P - a +6 ring of strength
 Q - a ring of flight
 R - a ring of magical power
Wands
 G - a wand of mindburst (16)
 O - a wand of polymorph (2)
 Y - a wand of paralysis (15)
Scrolls
 c - a scroll of blinking
 j - 2 scrolls of vulnerability
 l - 2 scrolls of magic mapping
 r - a scroll of immolation
 s - 2 scrolls of silence
 t - 2 scrolls of amnesia
 u - 6 scrolls of fog
 C - 4 scrolls of enchant armour
 D - a scroll of identify
 I - a scroll of brand weapon
 M - 3 scrolls of noise
 U - a scroll of torment
 X - 2 scrolls of poison
Potions
 f - 2 potions of heal wounds
 h - 3 potions of attraction
 i - 2 potions of enlightenment {unknown}
 k - a potion of ambrosia {unknown}
 n - a potion of degeneration {unknown}
 H - a potion of haste {unknown}
 J - 2 potions of curing {unknown}
 K - a potion of berserk rage {unknown}
 S - 3 potions of brilliance {unknown}
 V - a potion of might
 W - 2 potions of mutation {unknown}


   Skills:
 * Level 6.4 Fighting
 * Level 15.3 Maces & Flails
 - Level 0.8 Throwing
 - Level 0.8 Armour
 - Level 1.7 Dodging
 - Level 2.0 Spellcasting
 - Level 10.0 Translocations
 + Level 9.3 Invocations
 + Level 4.0 Evocations


You had 11 spell levels left.
You knew the following spells:

 Your Spells              Type           Power      Damage    Failure   Level
a - Manifold Assault      Tloc           35%        N/A       3%          4

Your spell library contained the following spells:

 Spells                   Type           Power      Damage    Failure   Level
 Blink                    Tloc           70%        N/A       1%          2
 Lesser Beckoning         Tloc           70%        N/A       1%          2
 Teleport Other           Tloc           35%        N/A       1%          3
 Passage of Golubria      Tloc           35%        N/A       3%          4
 Vhi's Electric Charge    Tloc/Air       36%        N/A       8%          3
 Kiss of Death            Conj/Necr      4%         2d5       19%         1
 Poisonous Vapours        Pois/Air       2%         N/A       28%         2
 Sublimation of Blood     Necr           1%         N/A       28%         2
 Confusing Touch          Hex            1%         N/A       50%         3
 Mephitic Cloud           Conj/Pois/Air  1%         N/A       50%         3
 Tukima's Dance           Hex            1%         N/A       50%         3
 Dispel Undead            Necr           1%         3d6       88%         4
 Petrify                  Tmut/Erth      1%         N/A       88%         4
 Fireball                 Conj/Fire      0%         3d3       99%         5
 Freezing Cloud           Conj/Ice/Air   0%         6-21      99%         5
 Irradiate                Conj/Tmut      0%         3d11      99%         5
 Iskenderun's Battlesphe  Conj           1%         2d6       99%         5
 Yara's Violent Unravell  Hex/Tmut       0%         3d3       99%         5
 Conjure Ball Lightning   Conj/Air       0%         3x3d6     100%        6
 Orb of Destruction       Conj           0%         9d5       100%        7


Dungeon Overview and Level Annotations

Branches:
Dungeon (13/15)            Temple (0/1) D:4            Lair (0/5) D:9
    Orc (1/2) D:12
 Vaults: D:13-14

Altars:
Qazlal
Trog
Vehumet
Wu Jian
Xom

Shops:
D:6 *[

Annotations:
D:12 3 runed translucent doors, pornopis's ghost, journeyman MiFi


Innate Abilities, Weirdness & Mutations

You have claws for hands.
You are surrounded by a moderate repulsion field. (EV +3)
You regenerate a little health from kills.
You are mostly covered in sharp spines.


Message History

The skeletal warrior attacks as you move away!
The skeletal warrior is struck by your spines.
The skeletal warrior hits you with a +0 dire flail!!
Aiming: Upheaval
Press: ? - help, Dir - move target, f - skeletal warrior
Aim: a skeletal warrior, wielding a +0 glaive A blizzard blasts the area with ice!
The blast of ice hits the skeletal warrior!
The skeletal warrior partially resists.
The skeletal warrior is lightly damaged.
The skeletal warrior is flash-frozen.
The skeletal warrior completely misses you.
A skeletal warrior comes into view. It is wielding a +0 short sword.
The skeletal warrior closely misses you.
Aiming: Upheaval
Press: ? - help, Dir - move target, f/p - skeletal warrior
Aim: a skeletal warrior, wielding a +0 glaive (lightly damaged, encased in ice)
A storm cloud blasts the area with cutting wind!
The cutting wind hits the skeletal warrior!
The skeletal warrior is moderately damaged.
The skeletal warrior is no longer encased in ice.
The skeletal warrior hits you with a +0 dire flail!
The skeletal warrior misses you.
As you read the scroll of teleportation, it crumbles to dust.
You feel strangely unstable.
The skeletal warrior hits you with a +0 dire flail!
The skeletal warrior misses you.
Your surroundings suddenly seem different.
You hear a shout!
The vault guard closely misses you.
There is an escape hatch in the ceiling here.
The vault guard hits you with a +0 battleaxe!
* * * LOW HITPOINT WARNING * * *
A mysterious force pulls you upwards. The hatch slams shut behind you.
Level annotation: 3 runed translucent doors, pornopis's ghost, journeyman MiFi
As you read the scroll of teleportation, it crumbles to dust.
You feel strangely unstable.
The vault guard is struck by your spines.
The vault guard hits you with a +0 battleaxe!!
You die...

#### ...# ##.# #.# ##.##
################### #...#
#.................# #...#
#.@.§.............# #...#
#○.p..............# #...#
#..§...z..........# #...#
#.z...............# #...#
#.z...............# #...#
#.................#
#...###########.........z.......#
................................#
##.............................z#


You could see a vault guard and 3 skeletal warriors.

Vanquished Creatures
  4 vault guards (D:13)
  A centaur warrior (D:13)
  2 boulder beetles
  6 two-headed ogres
  Amaemon (D:8)
  2 skeletal warriors (D:11)
  2 deep elf pyromancers
  An orc knight (D:12)
  An orc sorcerer (D:12)
  2 manticores (D:12)
  An ugly thing (D:11)
  Maurice (D:12)
  3 gargoyles
  An efreet (D:12)
  2 unseen horrors
  A meliai (shapeshifter) (D:13)
  Prince Ribbit (D:6)
  9 trolls
  Grinder (D:5)
  A hornet (D:8)
  Sigmund (D:4)
  3 slime creatures (D:12)
  13 yaks
  3 shadows
  3 wraiths
  A wyvern (D:9)
  Eustachio (D:5)
  3 wargs (D:12)
  5 vampire mosquitoes
  2 acid dragons
  Duvessa (D:6)
  A hornet zombie (D:7)
  2 orc warriors (D:9)
  A black bear (D:6)
  2 ice beasts
  An ogre (D:5)
  2 centaurs
  2 kobold brigands
  5 bullfrogs
  A gnoll sergeant (D:6)
  A wyvern zombie (D:7)
  17 wights
  Dowan (D:6)
  9 killer bees
  5 howler monkeys
  3 gnoll boudas
  A hound (D:6)
  2 jellies
  5 orc priests
  A sleepcap (D:6)
  5 iguanas
  8 orc wizards
  A killer bee zombie (D:7)
  17 gnolls
  6 adders
  2 shadow imps
  3 white imps
  2 ufetubi (D:5)
  5 worms
  6 dart slugs
  40 orcs
  9 endoplasms
  5 giant cockroaches
  10 goblins
  8 hobgoblins
  2 jackals (D:1)
  6 quokkas
  9 ball pythons
  3 bats
  3 frilled lizards (D:1)
  19 kobolds
  7 rats
317 creatures vanquished.

Vanquished Creatures (collateral kills)
  An orange demon (D:8)
1 creature vanquished.

Vanquished Creatures (others)
  A scorpion (D:4)
1 creature vanquished.

Grand Total: 319 creatures vanquished

Notes
Turn   | Place    | Note
-------+----------+-------------------------------------------
     0 | D:1      | DeathSun the Demonspawn Warper began the quest for the Orb.
     0 | D:1      | Reached XP level 1. HP: 16/16 MP: 3/3
    52 | D:1      | Reached skill level 2 in Maces & Flails
    64 | D:1      | Gained mutation: You regenerate a little health from kills.
                  | [demonic ancestry]
    64 | D:1      | Reached XP level 2. HP: 11/22 MP: 5/5
   357 | D:1      | Found a faded altar of an unknown god.
   499 | D:1      | Gained mutation: You are partially covered in sharp spines.
                  | [demonic ancestry]
   499 | D:1      | Reached XP level 3. HP: 16/27 MP: 6/6
   689 | D:2      | Reached skill level 3 in Maces & Flails
   812 | D:2      | Identified the +3 sling of the Ninety-Nine Beasts {freeze,
                  | rC- Dex+6 SInv}
  1404 | D:3      | Found a stormy altar of Qazlal.
  1414 | D:3      | Became a worshipper of Qazlal Stormbringer
  1437 | D:3      | Gained mutation: You are mostly covered in sharp spines.
                  | [demonic ancestry]
  1437 | D:3      | Reached XP level 4. HP: 20/33 MP: 3/7
  1712 | D:3      | Identified the +1 robe "Iqouna" {Dex+3 Slay+3}
  1824 | D:3      | Reached * piety under Qazlal
  2167 | D:3      | Reached skill level 4 in Maces & Flails
  2433 | D:4      | Gained mutation: You have sharp fingernails. [demonic
                  | ancestry]
  2433 | D:4      | Reached XP level 5. HP: 38/38 MP: 8/8
  2447 | D:4      | Noticed Sigmund
  2470 | D:4      | Killed Sigmund
  2471 | D:4      | Reached skill level 5 in Maces & Flails
  2471 | D:4      | Reached XP level 6. HP: 38/44 MP: 5/9
  2550 | D:4      | Found a shimmering altar of Xom.
  2550 | D:4      | Noticed a hornet
  2802 | D:4      | Reached ** piety under Qazlal
  2803 | D:4      | Reached XP level 7. HP: 39/50 MP: 7/10
  2808 | D:4      | Learned a level 4 spell: Manifold Assault
  3020 | D:4      | Found a staircase to the Ecumenical Temple.
  3176 | D:5      | Entered Level 5 of the Dungeon
  3250 | D:5      | Noticed Eustachio
  3277 | D:5      | Reached skill level 6 in Maces & Flails
  3301 | D:5      | Killed Eustachio
  3302 | D:5      | Reached skill level 5 in Translocations
  3557 | D:5      | Noticed Grinder
  3581 | D:5      | Paralysed by Grinder for 5 turns
  3595 | D:5      | Paralysed by Grinder for 3 turns
  3601 | D:5      | Killed Grinder
  3602 | D:5      | Gained mutation: You have very sharp fingernails. [demonic
                  | ancestry]
  3602 | D:5      | Reached XP level 8. HP: 36/56 MP: 8/11
  3692 | D:5      | Found a bloodstained altar of Trog.
  3694 | D:5      | Found a radiant altar of Vehumet.
  3804 | D:5      | Reached skill level 7 in Maces & Flails
  4274 | D:6      | Noticed Prince Ribbit
  4300 | D:6      | Killed Prince Ribbit
  4404 | D:6      | Reached skill level 5 in Invocations
  4463 | D:6      | Found an ornate altar of the Wu Jian Council.
  4470 | D:6      | Reached *** piety under Qazlal
  4512 | D:6      | Noticed Dowan
  4513 | D:6      | Noticed Duvessa
  4533 | D:6      | Killed Dowan
  4534 | D:6      | Reached skill level 8 in Maces & Flails
  4559 | D:6      | Killed Duvessa
  4687 | D:6      | Identified the ring of Gaogeu {rPois Int+3}
  4817 | D:6      | Found Befebos's Armour Emporium.
  4888 | D:6      | Found Bohenoge's Neck Hole.
  5211 | D:7      | Gained mutation: You are surrounded by a mild repulsion
                  | field. (EV +2) [demonic ancestry]
  5211 | D:7      | Reached XP level 9. HP: 61/61 MP: 12/12
  5516 | D:7      | Reached skill level 9 in Maces & Flails
  5755 | D:7      | Reached **** piety under Qazlal
  6229 | D:7      | Reached skill level 10 in Maces & Flails
  6305 | D:8      | Gained mutation: You have claws for hands. [demonic
                  | ancestry]
  6305 | D:8      | Reached XP level 10. HP: 67/67 MP: 15/15
  6745 | D:8      | Noticed Amaemon
  6746 | D:8      | Noticed an orange demon
  6757 | D:8      | Killed an orange demon
  6758 | D:8      | Killed Amaemon
  7084 | D:9      | Reached skill level 11 in Maces & Flails
  7163 | D:9      | Noticed a two-headed ogre
  7169 | D:9      | Killed a two-headed ogre
  7203 | D:9      | Noticed a two-headed ogre
  7215 | D:9      | Killed a two-headed ogre
  7441 | D:9      | Found a staircase to the Lair.
  7603 | D:9      | Noticed a manticore
  7603 | D:9      | Noticed a manticore
  7861 | D:10     | Entered Level 10 of the Dungeon
  7929 | D:10     | Reached XP level 11. HP: 72/72 MP: 17/17
  7997 | D:10     | Noticed a two-headed ogre
  8010 | D:10     | Killed a two-headed ogre
  8011 | D:10     | Reached skill level 12 in Maces & Flails
  8186 | D:10     | Noticed a two-headed ogre
  8195 | D:10     | Killed a two-headed ogre
  8457 | D:10     | Noticed a two-headed ogre
  8469 | D:10     | Killed a two-headed ogre
  9195 | D:11     | Reached skill level 13 in Maces & Flails
  9223 | D:11     | Noticed a two-headed ogre
  9231 | D:11     | Killed a two-headed ogre
  9464 | D:11     | Noticed a purple ugly thing
  9473 | D:11     | Killed a purple ugly thing
  9495 | D:11     | Reached skill level 10 in Translocations
  9957 | D:12     | Noticed a deep elf pyromancer
 10031 | D:12     | Killed a deep elf pyromancer
 10227 | D:12     | Reached skill level 14 in Maces & Flails
 10282 | D:12     | Gained mutation: You are surrounded by a moderate repulsion
                  | field. (EV +3) [demonic ancestry]
 10282 | D:12     | Reached XP level 12. HP: 71/78 MP: 16/18
 10549 | D:12     | Noticed a boulder beetle
 10603 | D:12     | Killed a boulder beetle
 10695 | D:12     | Reached skill level 1 in Evocations
 10804 | D:12     | Found a runed translucent gate.
 10804 | D:12     | Found a runed translucent gate.
 10805 | D:12     | Found a runed translucent gate.
 10807 | D:12     | Noticed pornopis's ghost (journeyman MiFi)
 10842 | D:12     | Found a staircase to the Orcish Mines.
 10872 | D:12     | Identified the +1 scale mail of Alel {-Tele rElec Dex+3}
 11035 | D:11     | Reached ***** piety under Qazlal
 11150 | D:12     | Noticed Maurice
 11199 | D:12     | Paralysed by something for 3 turns
 11205 | D:12     | Killed Maurice
 11528 | Orc:1    | Entered Level 1 of the Orcish Mines
 11692 | D:13     | Noticed a boulder beetle
 11815 | D:13     | Killed a boulder beetle
 11925 | D:13     | Reached skill level 5 in Fighting
 12069 | D:13     | Noticed a centaur warrior
 12086 | D:13     | Killed a centaur warrior
 12087 | D:13     | Reached skill level 15 in Maces & Flails
 12298 | D:13     | Noticed a vault guard
 12305 | D:13     | Noticed a vault guard
 12308 | D:13     | Killed a vault guard
 12309 | D:13     | Noticed a vault guard
 12309 | D:13     | Noticed a vault guard
 12309 | D:13     | Noticed a vault guard
 12309 | D:13     | Noticed a vault guard
 12309 | D:13     | Noticed a vault guard
 12337 | D:13     | Killed a vault guard
 12975 | D:13     | Killed a vault guard
 12980 | D:13     | Noticed a vault guard
 13001 | D:13     | Killed a vault guard
 13162 | D:12     | Slain by a vault guard

Illustrated notes

Levels and vault maps discovered:
D:1:      elethiomel_arrival_quiet, layout_rooms, ebering_ecumenical_altar_box,
          minmay_pentomino_x4
D:2:      layout_loops_ring
D:3:      minmay_razor_zed, layout_loops_ring, overflow_temple_1_default
D:4:      layout_rooms, xom_confusion_cloud, minmay_temple_entry_stoned_glass,
          uniq_sigmund
D:5:      layout_basic, nicolae_overflow_squiral, uniq_eustachio, uniq_grinder
D:6:      layout_rooms, amethyst_overflow_temple_binary, serial_shops,
          nicolae_shop_rolling_square, nicolae_shop_sticking_my_neck_out,
          uniq_prince_ribbit1, uniq_duvessa
D:7:      layout_cave_pools, serial_undead, serial_undead_e, serial_undead_e,
          serial_undead_a, serial_undead_f, minmay_misc_feat_secret_circle
D:8:      layout_gridville, uniq_amaemon
D:9:      minmay_the_grid_four_pointed_star_mashed
          [minmay_the_grid_triangle_9x9_sprig,
          minmay_the_grid_triangle_9x9_zippers_vertical,
          minmay_the_grid_triangle_9x9_zippers_horizontal,
          minmay_the_grid_triangle_9x9_odd_lines,
          minmay_the_grid_prize_trominoes], layout_rooms, minmay_misc_feat_x,
          item_on_display_a
D:10:     layout_layer_cave, st_stairs_8, kennysheep_flooded_box,
          due_unseen_surprise
D:11:     layout_loops_cross, st_stairs_7
D:12:     layout_long_grid, minmay_orc_entry_guard_dogs,
          gammafunk_ghost_necromancy, uniq_maurice
D:13:     layout_roguey, erik_vaults_2
Orc:1:    layout_diamond_mine, serial_shops, shop, mines_bat_river

Skill      XL: |  1  2  3  4  5  6  7  8  9 10 11 12 |
---------------+-------------------------------------+-----
Maces & Flails | 2 3 4 5 6 8 10 11 14 15 | 15.3
Translocations | 3 4 5 6 7 8 10 | 10.0
Invocations    | 3 5 7 8 9 |  9.3
Evocations     | 4 |  4.0
Fighting       | 6 |  6.4
Throwing       | |  0.8
Armour         | |  0.8
Dodging        | |  1.7
Spellcasting   | |  2.0

Action                     |  1- 3 |  4- 6 |  7- 9 | 10-12 || total
---------------------------+-------+-------+-------+-------++-------
  Melee: Mace              |   117 |    96 |       |       ||   213
         Flail             |       |    14 |   215 |   502 ||   731
         Punch             |       |     1 |     3 |    17 ||    21
         Morningstar       |       |       |    47 |       ||    47
         Demon whip        |       |       |       |    27 ||    27
  Throw: Dart              |       |     5 |    48 |    32 ||    85
         Boomerang         |       |     1 |       |     1 ||     2
         Javelin           |       |       |       |    14 ||    14
 Invoke: Elemental Force   |       |       |       |     1 ||     1
         Upheaval          |       |       |       |     2 ||     2
  Evoke: Wand              |       |       |       |     2 ||     2
    Use: Scroll            |       |     2 |     1 |    19 ||    22
         Potion            |       |       |       |     1 ||     1
   Stab: Sleeping          |       |     2 |       |       ||     2
         Distracted        |       |       |       |     1 ||     1
 Armour: Leather armour    |    35 |     6 |       |       ||    41
         Robe              |       |     6 |    36 |    75 ||   117
  Dodge: Dodged            |    75 |    64 |   172 |   306 ||   617
         Repelled          |       |       |       |     6 ||     6
  Block: Other             |       |     3 |    41 |    80 ||   124

Table legend: (Time is in decaauts)
 A = Elapsed time spent in this place.
 B = Non-inter-level travel time spent in this place.
 C = Inter-level travel time spent in this place.
 D = Time resting spent in this place.
 E = Time spent auto-exploring this place.
 F = Levels seen in this place.
 G = Mean time per level.
                   A        B        C        D        E       F      G
               +--------+--------+--------+--------+--------+-----+--------+
         Total |  13111 |  12555 |    556 |      0 |   9336 |  14 |  936.5 |
       Dungeon |  13106 |  12550 |    556 |      0 |   9336 |  13 | 1008.2 |
  Orcish Mines |      5 |      5 |      0 |      0 |      0 |   1 |    5.0 |
               +--------+--------+--------+--------+--------+-----+--------+

Top non-repeatable levels by time:
    D:12: 1643 daAuts
    D:11: 1450 daAuts
    D:10: 1211 daAuts
     D:6: 1153 daAuts
     D:3: 1108 daAuts
     D:5: 1053 daAuts
     D:8: 1013 daAuts
    D:13: 889 daAuts
     D:7: 876 daAuts
     D:2: 746 daAuts
     D:4: 693 daAuts
     D:1: 687 daAuts
     D:9: 580 daAuts
   Orc:1: 5 daAuts
